 Dungeon Crawl Stone Soup version 0.30.0-11-gf55b779eaf (webtiles) character file.

Game seed: 2337609167418981529

35 Monkooky the Stinger (level 3, -2/28 HPs)
             Began as a Naga Venom Mage on May 16, 2023.
             Slain by an orc
             ... wielding a +0 falchion
              (7 damage)
             ... on level 2 of the Dungeon.
             The game lasted 00:03:08 (1089 turns).

Monkooky the Stinger (Naga Venom Mage)              Turns: 1089, Time: 00:03:09

Health: -2/28      AC:  2    Str: 10    XL:     3   Next: 33%
Magic:  6/6        EV: 10    Int: 17    God:
Gold:   32         SH:  0    Dex: 11    Spells: 5/6 levels left

rFire   . . .        l - +0 dagger
rCold   . . .        (no shield)
rNeg    . . .        a - +0 robe
rPois   +            (no helmet)
rElec   .            (no cloak)
rCorr   .            (no gloves)
SInv    +            (no barding)
Will    .....        (no amulet)
Stlth   ++           (no ring)
HPRegen 0.24/turn    (no ring)
MPRegen 0.10/turn

%: no passive effects
@: attractive, very slow
A: AC +1, large, see invisible, deformed body, poison resistance, slowness 2,
spit poison 1, naga tail 1
a: Spit Poison


You were on level 2 of the Dungeon.
You visited 1 branch of the dungeon, and saw 2 of its levels.

You collected 32 gold pieces.

Inventory:

Hand Weapons
 f - a +0 club
 l - a +0 dagger (weapon)
Armour
 a - a +0 robe (worn)
 h - a +0 plate armour
Scrolls
 c - a scroll of torment {unknown}
 i - a scroll of magic mapping {unknown}
 m - a scroll of blinking {unknown}
 n - a scroll of identify {unknown}
Potions
 b - 3 potions of magic
 e - a potion of mutation {unknown}
 g - a potion of curing {unknown}
 j - a potion of lignification {unknown}
 k - a potion of might {unknown}
 o - a potion of degeneration {unknown}


   Skills:
 + Level 2.0 Dodging
 + Level 3.6 Stealth
 + Level 2.3 Spellcasting
 + Level 1.5 Transmutations
 + Level 4.4 Poison Magic


You had 5 spell levels left.
You knew the following spells:

 Your Spells              Type           Power      Damage    Failure   Level
a - Sting                 Tmut/Pois      48%        1d5       5%          1

Your spell library contained the following spells:

 Spells                   Type           Power      Damage    Failure   Level
 Poisonous Vapours        Pois/Air       18%        N/A       12%         2
 Passwall                 Tmut/Erth      3%         N/A       21%         2
 Ensorcelled Hibernation  Hex/Ice        2%         N/A       28%         2
 Mephitic Cloud           Conj/Pois/Air  6%         N/A       30%         3
 Olgreb's Toxic Radiance  Pois           16%        N/A       30%         4
 Swiftness                Air            1%         N/A       50%         3


Dungeon Overview and Level Annotations

Branches:
Dungeon (2/15)

Altars:


Innate Abilities, Weirdness & Mutations

Your serpentine skin is tough. (AC +1)
You have supernaturally acute eyesight. (SInv)
Armour fits poorly on your strangely shaped body.
Your system is resistant to poisons. (rPois)
You cover ground very slowly.
You can spit poison.
You have a snake-like lower body.


Message History

There is a stone staircase leading down here.
You climb downwards.
There is a stone staircase leading up here.
A frilled lizard comes into view.
The splash of poison hits the frilled lizard!
The frilled lizard is poisoned.
You kill the frilled lizard!
Your Dodging skill increases to level 2!
You have got your breath back.
o - a ruby potion A hobgoblin comes into view.
The splash of poison hits the hobgoblin!
The hobgoblin is poisoned.
You kill the hobgoblin!
Found a stone staircase leading up.
You have got your breath back.
You open the door.
Found a stone staircase leading down.
There is an open door here.
You open the door.
There is an open door here.
An orc comes into view. It is wielding a +0 hand axe.
An orc is nearby! 3 orcs come into view.
The orc shouts! x2; You hear a shout!
An orc priest comes into view. It is wielding a +0 short sword.
The orc priest looks satisfied for a moment.
The orc priest calls down the wrath of Beogh upon you.
Beogh smites you!
You hear a shout!
The orc priest looks encouraged for a moment.
Okay, then.
The orc priest invokes the aid of Beogh against you.
Beogh smites you!
Ouch! That really hurt!
* * * LOW HITPOINT WARNING * * *
It was a potion of attraction.
You feel attractive to monsters. The orc hits you with a +0 falchion!
You die...

## .. ######. .......
~...~..##
......o.##########
........##.oo@...#
.......o...#####.#
o...~..##### #.#
....... #.# ######.#
##.## .......# ##.#.##
##.....## ##.#...##
##.......## #.##.#..#
#.........####..#...##


You could see an orc priest and 2 orcs.

Vanquished Creatures
  A gnoll (D:1)
  A dart slug (D:1)
  2 ball pythons (D:1)
  4 endoplasms (D:1)
  5 goblins (D:1)
  2 hobgoblins
  A quokka (D:1)
  A bat (D:1)
  3 frilled lizards
  A rat (D:1)
21 creatures vanquished.

Notes
Turn   | Place    | Note
-------+----------+-------------------------------------------
     0 | D:1      | Monkooky the Naga Venom Mage began the quest for the Orb.
     0 | D:1      | Reached XP level 1. HP: 15/15 MP: 3/3
   123 | D:1      | Reached XP level 2. HP: 22/22 MP: 0/5
   564 | D:1      | Reached XP level 3. HP: 28/28 MP: 4/6
  1089 | D:2      | Slain by an orc

Illustrated notes

Levels and vault maps discovered:
D:1:      dpeg_arrival_rooms_a, layout_basic, nicolae_grassy_gnolls
D:2:      cheibrodos_pilgrimage, layout_loops_corners,
          dreamdust_ecumenical_altar_statues, minivault_14

Skill      XL: |  1  2  3 |
---------------+----------+-----
Dodging        | 2 |  2.0
Stealth        | |  3.6
Spellcasting   | |  2.3
Transmutations | |  1.5
Poison Magic   | |  4.4

Action                     || total
---------------------------++-------
  Melee: Unarmed           ||     3
         Punch             ||     1
         Club              ||     2
         Dagger            ||     1
   Cast: Sting             ||    20
Ability: Spit Poison       ||    20
    Use: Potion            ||     1
 Armour: Robe              ||     2
  Dodge: Dodged            ||     7
